 Dungeon Crawl Stone Soup version 0.26-a0-1132-ge9770dfcb6 (webtiles) character file.

Game seed: 9449534066768356614

2137 tatocazan the Cleaver (level 9, -4/74 HPs)
             Began as a Minotaur Fighter on Dec 19, 2020.
             Was a Priest of Uskayaw.
             Killed by nerve-wracking pain
             ... invoked by an orc priest
              (13 damage)
             ... on level 7 of the Dungeon on Dec 20, 2020.
             The game lasted 00:08:46 (6701 turns).

tatocazan the Cleaver (Minotaur Fighter)            Turns: 6701, Time: 00:08:47

Health: -4/74      AC: 17    Str: 25    XL:     9   Next: 9%
Magic:  0/8        EV:  5    Int:  5    God:    Uskayaw [***...]
Gold:   537        SH: 16    Dex:  9    Spells: 8/8 levels left

rFire    . . .     SeeInvis .   s - +0 hand axe (flame)
rCold    + . .     Faith    .   B - +0 tower shield
rNeg     . . .     Spirit   +   f - +0 plate armour
rPois    .         Reflect  .   (helmet restricted)
rElec    .         Harm     .   o - scarf {repulsion}
rCorr    .         Rampage  .   g - +0 pair of gloves
Will     .....                  h - +2 pair of boots
Stlth    ..........             u - amulet of guardian spirit
HPRegen  0.22/turn              r - ring of protection from cold
MPRegen  0.11/turn              (no ring)

@: mighty, studying Polearms, repel missiles
A: retaliatory headbutt, horns 2
a: Renounce Religion, Stomp, Line Pass


You were on level 7 of the Dungeon.
You worshipped Uskayaw.
Uskayaw was noncommittal.
You visited 2 branches of the dungeon, and saw 8 of its levels.

You collected 537 gold pieces.

Inventory:

Hand Weapons
 a - a +0 war axe
 s - a +0 hand axe of flaming (weapon)
Armour
 c - a +0 kite shield
 f - a +0 plate armour (worn)
 g - a +0 pair of gloves (worn)
 h - a +2 pair of boots (worn)
 o - a scarf of repulsion (worn)
 A - a +0 cloak
 B - a +0 tower shield (worn)
Jewellery
 r - a ring of protection from cold (left hand)
 u - an amulet of guardian spirit (around neck)
 F - an uncursed ring of stealth {unknown}
Scrolls
 b - 4 scrolls of enchant weapon {unknown}
 e - a scroll of fog {unknown}
 j - 2 scrolls of amnesia {unknown}
 k - 3 scrolls of fear {unknown}
 l - 2 scrolls of random uselessness {unknown}
 m - 2 scrolls of blinking {unknown}
 n - 12 scrolls of teleportation {unknown}
 p - 7 scrolls of identify
 w - 2 scrolls of enchant armour {unknown}
 z - 3 scrolls of remove curse {unknown}
 D - a scroll of magic mapping {unknown}
 E - 2 scrolls of immolation {unknown}
 G - a scroll of torment {unknown}
Potions
 d - 4 potions of might
 i - 2 potions of flight
 t - a potion of degeneration {unknown}
 v - 4 potions of curing {unknown}
 x - a potion of berserk rage {unknown}
 C - a potion of haste {unknown}
Books
 y - a manual of Polearms


   Skills:
 + Level 5.3 Fighting
 * Level 10.1 Axes
 + Level 6.4 Armour
 * Level 5.0 Dodging
 + Level 0.1 Stealth
 * Level 6.7 Shields


You had 8 spell levels left.
You didn't know any spells.
Your spell library contained the following spells:

 Spells                   Type           Power        Failure   Level
 Animate Skeleton         Necr           0%           100%        1
 Corona                   Hex            0%           100%        1
 Magic Dart               Conj           0%           100%        1
 Pain                     Necr           0%           100%        1
 Blink                    Tloc           N/A          100%        2
 Call Imp                 Summ           0%           100%        2
 Ensorcelled Hibernation  Hex/Ice        0%           100%        2
 Slow                     Hex            0%           100%        2
 Confusing Touch          Hex            0%           100%        3
 Conjure Flame            Conj/Fire      0%           100%        3
 Dazzling Flash           Conj/Hex       0%           100%        3
 Mephitic Cloud           Conj/Pois/Air  0%           100%        3
 Tukima's Dance           Hex            0%           100%        3
 Vampiric Draining        Necr           0%           100%        3
 Animate Dead             Necr           0%           100%        4
 Agony                    Necr           0%           100%        5


Dungeon Overview and Level Annotations

Branches:
Dungeon (7/15)             Temple (1/1) D:7

Altars:
Ashenzari
Cheibriados
Elyvilon
Gozag
Hepliaklqana
Kikubaaqudgha
Makhleb
Nemelex Xobeh
Qazlal
Ru
Sif Muna
Trog
Uskayaw
Vehumet
Wu Jian
Xom
Yredelemnul

Annotations:
D:4 2 transporters, COBRA's ghost, amateur HOFi


Innate Abilities, Weirdness & Mutations

You reflexively headbutt those who attack you in melee.
You have a pair of horns on your head.


Message History

* * * LOW HITPOINT WARNING * * *
You feel much better.
The orc warrior hits you with a +0 glaive!
You block the orc priest's attack.
You barely miss the orc priest. You headbutt the orc priest.
The orc priest is almost dead.
You hit the orc warrior but do no damage.
The orc priest calls upon Beogh to heal the orc warrior.
The orc warrior is healed somewhat.
You block the orc warrior's attack.
You closely miss the orc priest.
The orc priest is almost dead.
You barely miss the orc warrior.
The orc priest calls down the wrath of Beogh upon you.
Beogh smites you!
* * * LOW HITPOINT WARNING * * *
You block the orc warrior's attack.
You feel very mighty all of a sudden.
The orc priest invokes the aid of Beogh against you.
Pain shoots through your body!
You die...

#.# #..#
#.# #.#
#... ...
#.#
#.##.
#.# #.#
#.. <#
#.# #.#
### # #.
#.# ####
#.# ...
#.####o#
#....@o#
########


You could see an orc warrior and an orc priest.

Vanquished Creatures
  2 sky beasts
  2 orc warriors
  A phantom (D:4)
  3 ogres
  4 bullfrogs
  A scorpion (D:7)
  3 killer bees (D:7)
  A howler monkey (D:4)
  A bullfrog zombie (D:5)
  6 hounds
  6 orc wizards
  An orc priest (D:5)
  A centaur skeleton (D:4)
  An iguana (D:7)
  4 worker ants
  A worker ant zombie (D:5)
  11 gnolls
  10 adders
  2 shadow imps
  A white imp (D:6)
  2 ufetubi
  An ooze (D:2)
  An adder skeleton (D:4)
  3 worms
  2 dart slugs
  4 leopard geckos
  23 orcs
  9 bats
  6 giant cockroaches
  6 hobgoblins
  17 jackals
  6 quokkas
  A ball python (D:3)
  4 frilled lizards
  7 goblins
  10 kobolds
  A leopard gecko skeleton (D:7)
  A quokka skeleton (D:7)
  4 rats
170 creatures vanquished.

Notes
Turn   | Place    | Note
-------+----------+-------------------------------------------
     0 | D:1      | tatocazan the Minotaur Fighter began the quest for the Orb.
     0 | D:1      | Reached XP level 1. HP: 19/19 MP: 0/0
   274 | D:1      | Reached XP level 2. HP: 26/27 MP: 1/1
   533 | D:1      | Reached skill level 3 in Axes
   708 | D:1      | Reached skill level 1 in Dodging
  1093 | D:2      | Reached XP level 3. HP: 33/33 MP: 2/2
  1551 | D:2      | Reached XP level 4. HP: 40/40 MP: 3/3
  1681 | D:2      | Reached skill level 4 in Axes
  2995 | D:4      | Noticed an ogre
  3489 | D:4      | Reached skill level 5 in Axes
  3489 | D:4      | Reached XP level 5. HP: 37/46 MP: 4/4
  3782 | D:4      | Noticed COBRA's ghost (amateur HOFi)
  3784 | D:4      | Noticed an ogre
  3784 | D:4      | Noticed an ogre
  3801 | D:4      | Found a transporter.
  3804 | D:4      | Noticed a sky beast
  3823 | D:4      | Killed a sky beast
  3824 | D:4      | Reached XP level 6. HP: 43/52 MP: 5/5
  3843 | D:4      | Found a transporter.
  3846 | D:4      | Identified the +10 dire flail "Zithos" {flame, rPois}
  3850 | D:4      | Reached skill level 6 in Axes
  3851 | D:4      | Reached skill level 5 in Armour
  3870 | D:4      | Reached XP level 7. HP: 34/59 MP: 6/6
  4085 | D:4      | Reached skill level 7 in Axes
  4560 | D:5      | Entered Level 5 of the Dungeon
  4816 | D:5      | Reached skill level 5 in Shields
  4868 | D:5      | Reached skill level 8 in Axes
  4904 | D:5      | Reached XP level 8. HP: 67/67 MP: 7/7
  5289 | D:6      | Reached skill level 5 in Fighting
  5289 | D:6      | Reached skill level 9 in Axes
  6160 | D:7      | Reached skill level 10 in Axes
  6197 | D:7      | Reached XP level 9. HP: 55/74 MP: 5/8
  6362 | D:7      | Found a staircase to the Ecumenical Temple.
  6422 | Temple   | Entered the Ecumenical Temple
  6466 | Temple   | Became a worshipper of Uskayaw the Reveller
  6498 | D:7      | Reached * piety under Uskayaw
  6678 | D:7      | Reached ** piety under Uskayaw
  6680 | D:7      | Reached skill level 5 in Dodging
  6695 | D:7      | Reached *** piety under Uskayaw
  6701 | D:7      | Killed from afar by an orc priest

Illustrated notes

Levels and vault maps discovered:
D:1:      psy_arrival_statuary, layout_basic
D:2:      minmay_inner_zag, layout_basic
D:3:      layout_basic
D:4:      layout_basic, gammafunk_ghost_smash
D:5:      layout_basic, minmay_manual_monstrance
D:6:      layout_rooms
D:7:      layout_loops_ring, lemuel_round_altar, minmay_temple_entry_offerings
Temple:   grunt_wide_crystal_templ

Skill      XL: |  1  2  3  4  5  6  7  8  9 |
---------------+----------------------------+-----
Axes           | 3 5 6 8 10 | 10.1
Dodging        | 1 2 3 4 5 |  5.0
Shields        | 4 5 6 |  6.7
Armour         | 4 5 6 |  6.4
Fighting       | 4 5 |  5.3
Stealth        | |  0.1

Action                   |  1- 3 |  4- 6 |  7- 9 || total
-------------------------+-------+-------+-------++-------
Melee: War axe           |   106 |    10 |       ||   116
       Headbutt          |     6 |    20 |    44 ||    70
       Hand axe          |       |   102 |   299 ||   401
  Use: Scroll            |       |     2 |       ||     2
       Potion            |       |       |     5 ||     5
 Stab: Paralysed         |       |       |     3 ||     3
Armor: Scale mail        |    56 |       |       ||    56
       Chain mail        |     6 |    65 |    12 ||    83
       Plate armour      |       |       |    98 ||    98
Dodge: Dodged            |    24 |    38 |    54 ||   116
Block: Kite shield       |    73 |    64 |    74 ||   211
       Tower shield      |       |       |    86 ||    86

Table legend: (Time is in decaauts)
 A = Elapsed time spent in this place.
 B = Non-inter-level travel time spent in this place.
 C = Inter-level travel time spent in this place.
 D = Time resting spent in this place.
 E = Time spent auto-exploring this place.
 F = Levels seen in this place.
 G = Mean time per level.
                   A        B        C        D        E       F      G
               +--------+--------+--------+--------+--------+-----+--------+
         Total |   6757 |   6584 |    173 |   1007 |   4412 |   8 |  844.6 |
       Dungeon |   6704 |   6538 |    166 |   1007 |   4370 |   7 |  957.7 |
        Temple |     52 |     45 |      7 |      0 |     42 |   1 |   52.0 |
               +--------+--------+--------+--------+--------+-----+--------+

Top non-repeatable levels by time:
     D:3: 1444 daAuts
     D:4: 1128 daAuts
     D:2: 1031 daAuts
     D:1: 1016 daAuts
     D:6: 700 daAuts
     D:5: 698 daAuts
     D:7: 684 daAuts
  Temple: 52 daAuts
